 Dungeon Crawl Stone Soup version 0.24.0-13-gcf9b3192b9 (webtiles) character file.

Game seed: 11705306327655009951, levelgen mode: deterministic

7 Descartes the Insei (level 2, -4/14 HPs)
             Began as a Vine Stalker Transmuter on Nov 7, 2019.
             Shot with an arrow by a centaur (8 damage)
             ... on level 2 of the Dungeon.
             The game lasted 00:00:59 (470 turns).

Descartes the Insei (Vine Stalker Transmuter)        Turns: 470, Time: 00:00:59

Health: -4/14      AC:  2    Str: 12    XL:     2   Next: 4%
Magic:  0/6        EV: 12    Int: 13    God:
Gold:   13         SH:  0    Dex: 14    Spells: 4/5 levels left

rFire    . . .     SeeInvis .   e - +2 dagger (vamp)
rCold    . . .     Gourm    .   (no shield)
rNeg     . . .     Faith    .   b - +0 robe
rPois    .         Spirit   +   (no helmet)
rElec    .         Reflect  .   (no cloak)
rCorr    .         Harm     .   (no gloves)
MR       .....                  (no boots)
Stlth    +.........             (no amulet)
HPRegen  0.04/turn              (no ring)
MPRegen  0.10/turn              (no ring)

@: no status effects
A: fangs 2, magic shield, antimagic bite, no potion heal 3, rot immunity
a: no special abilities


You were on level 2 of the Dungeon.
You were not hungry.

You visited 1 branch of the dungeon, and saw 2 of its levels.

You collected 13 gold pieces.

Inventory:

Hand Weapons
 e - a +2 vampiric dagger (weapon)
Missiles
 a - 12 arrows
 h - 23 stones (quivered)
Armour
 b - a +0 robe (worn)
Scrolls
 c - a scroll of enchant weapon {unknown}
 g - 2 scrolls of identify {unknown}
Potions
 i - a potion of curing {unknown}
Comestibles
 d - a ration
 f - a chunk of flesh


   Skills:
 + Level 1.0 Fighting
 + Level 0.2 Armour
 + Level 1.6 Dodging
 + Level 0.3 Stealth
 * Level 3.1 Unarmed Combat
 + Level 2.2 Spellcasting
 + Level 2.1 Transmutations


You had 4 spell levels left.
You knew the following spells:

 Your Spells              Type           Power        Failure   Level  Hunger
a - Beastly Appendage     Tmut           #.....       11%         1    ##.....

Your spell library contained the following spells:

 Spells                   Type           Power        Failure   Level  Hunger
 Sticks to Snakes         Tmut           #.......     16%         2    ###....
 Spider Form              Tmut/Pois      #.........   43%         3    ####...
 Ice Form                 Ice/Tmut       #.......     85%         4    #####..
 Blade Hands              Tmut           #.........   96%         5    ######.


Dungeon Overview and Level Annotations

Branches:
Dungeon (1/15)

Altars:


Innate Abilities, Weirdness & Mutations

You have extremely sharp teeth.
When hurt, damage is shared between your health and your magic reserves.
Your bite disrupts and absorbs the magic of your enemies.
Potions cannot restore your health.
You are immune to rotting.


Message History

Found 18 arrows.
Found an escape hatch in the floor.
You see here a stone.
You fall into a shaft and drop 1 floor!
The shaft crumbles and collapses.
A centaur comes into view.
The centaur shouts!
You hear an angry hiss.
Found a dagger and a viscous ruby potion.
Found an escape hatch in the ceiling and an escape hatch in the floor.
A frilled lizard comes into view.
The centaur wields a +0 shortbow.
The centaur shoots an arrow.
The arrow hits you!
Ouch! That really hurt!
* * * LOW HITPOINT WARNING * * *
Found a robe.
There is an escape hatch in the ceiling, spattered with blood here.
You see here an arrow.
The frilled lizard hisses angrily.
The centaur shoots an arrow.
The arrow hits you!
Ouch! That really hurt!
You die...

##...##!
.......
#.....#
#.....#
#.....#
#.....#
#....)#
#.....#
#c...@#
#............
#..........l.
#............
####.........
#....>....
#.........
#.....[..#


You could see a centaur and a frilled lizard.

Vanquished Creatures
  A bat (D:1)
  2 hobgoblins (D:1)
  2 goblins (D:1)
  2 rats (D:1)
7 creatures vanquished.

Notes
Turn   | Place    | Note
-------+----------+-------------------------------------------
     0 | D:1      | Descartes the Vine Stalker Transmuter began the quest for
                  | the Orb.
     0 | D:1      | Reached XP level 1. HP: 9/9 MP: 4/4
   417 | D:1      | Reached skill level 1 in Fighting
   433 | D:1      | Reached XP level 2. HP: 14/14 MP: 6/6
   468 | D:1      | You fall into a shaft and drop 1 floor!
   468 | D:2      | Noticed a centaur
   470 | D:2      | Shot with an arrow by a centaur

Levels and vault maps discovered:
D:1:      lightli_arrival_maybe_door_vault, layout_rooms, serial_forest,
          infiniplex_forest_straight_3, infiniplex_forest_clump_large,
          infiniplex_forest_clump_small, infiniplex_forest_pool,
          infiniplex_forest_lined_room_3, infiniplex_forest_lined_3,
          infiniplex_forest_straight_3, infiniplex_forest_zigzag_1,
          infiniplex_forest_zigzag_1, infiniplex_forest_clump_medium
D:2:      layout_basic, first_ration

Skill      XL: |  1 |
---------------+----+-----
Fighting       | 1 |  1.0
Armour         | |  0.2
Dodging        | |  1.6
Stealth        | |  0.3
Unarmed Combat | |  3.1
Spellcasting   | |  2.2
Transmutations | |  2.1

Action                   || total
-------------------------++-------
Melee: Dagger            ||    17
       Unarmed           ||     7
       Bite              ||     6
 Stab: Sleeping          ||     1
Armor: Robe              ||     3
Dodge: Dodged            ||    13
